 Dungeon Crawl Stone Soup version 0.31-a0-799-g6bc09d010c (webtiles) character file.

Game seed: 16475938365628505652

2 cforsyth the Sneak (level 1, 0/20 HPs)
             Began as a Djinni Delver on Sept 20, 2023.
             Slain by a hound (4 damage)
             ... on level 4 of the Dungeon.
             The game lasted 00:00:23 (66 turns).

cforsyth the Sneak (Djinni Delver)                    Turns: 66, Time: 00:00:24

Health: 0/20       AC:  3    Str: 11    XL:     1   Next: 33%
Gold:   0          EV: 12    Int: 11    God:
                   SH:  0    Dex: 14

rFire   + + .        a - +0 falchion
rCold   x . .        (no shield)
rNeg    . . .        b - +0 leather armour
rPois   ∞            (no helmet)
rElec   .            (no cloak)
rCorr   .            (no gloves)
SInv    .            (boots unavailable)
Will    .....        (no amulet)
Stlth   ++           (no ring)
HPRegen 0.23/turn    (no ring)
MPRegen 0.00/turn

%: infuse magic (-1 HP)
@: flying
A: sickness immunity, fire resistance 2, cold vulnerability 1, float, innate
caster, HP casting, extra vitality 1
a: no special abilities


You were on level 4 of the Dungeon.
You visited 1 branch of the dungeon, and saw 2 of its levels.

Inventory:

Hand Weapons
 a - a +0 falchion (weapon)
Armour
 b - a +0 leather armour (worn)
Wands
 g - a wand of digging (3)
Scrolls
 c - a scroll of fog
 d - a scroll of revelation
Potions
 f - a potion of haste
 h - a potion of brilliance {unknown}


   Skills:
 + Level 3.0 Fighting
 - Level 1.7 Long Blades
 - Level 2.1 Dodging
 - Level 4.1 Stealth
 + Level 0.1 Spellcasting
 + Level 0.1 Conjurations
 + Level 0.1 Hexes
   Level 0.0 Charms
 + Level 0.1 Summonings
 + Level 0.1 Necromancy
 + Level 0.1 Translocations
 + Level 0.1 Transmutations
 + Level 0.1 Fire Magic
 + Level 0.1 Ice Magic
 + Level 0.1 Air Magic
 + Level 0.1 Earth Magic
 + Level 0.1 Poison Magic You didn't know any spells. Your spell library was empty.

Dungeon Overview and Level Annotations

Branches:
Dungeon (5/15)
 Temple: D:4-7

Altars:


Innate Abilities, Weirdness & Mutations

You are immune to sickness and miasma.
You are immune to poison.
Your flesh is very heat resistant. (rF++)
You are vulnerable to cold. (rC-)
You float through the air rather than walking.
You learn spells naturally, not from books.
Your magical power is your life essence.
You have superior vitality. (+4 MHP)


Message History

2 orcs come into view.
The orc shouts!
The orc shouts!
You hear a shout!
The orc hits you with a +0 dagger. The orc barely misses you.
An orc and an orc wizard come into view.
The orc hits you with a +0 dagger. The orc attacks as it pursues you!
The orc barely misses you.
The orc wizard hits you with a +0 dagger.
You hit the orc wizard but do no damage.
The orc hits you with a +0 dagger. The orc wizard misses you.
As you read the scroll of fear, it crumbles to dust.
You assume a fearsome visage.
The orc looks frightened! x2
The orc wizard looks frightened!
The orc looks frightened! x2
A hound comes into view.
The orc wizard gestures wildly while chanting.
The orc wizard flickers and vanishes!
Deactivating autopickup; reactivate with Ctrl-A.
The hound barks!
The orc cries, "Waaaaaa!"
Found 6 gold pieces.
The hound attacks as it pursues you! The hound bites you.
There is a stone staircase leading up here.
The hound closely misses you. The hound barely misses you.
You fly upwards.
Reactivating autopickup.
Found a glowing long sword.
Found an escape hatch in the floor.
Found a stone staircase leading up.
There is a stone staircase leading down here.
You hit the hound.
The hound is lightly wounded.
The hound bites you.
* * * LOW HITPOINT WARNING * * *
You closely miss the hound.
The hound is lightly wounded.
The hound closely misses you. The hound bites you.
* * * LOW HITPOINT WARNING * * *
You hit the hound but do no damage.
The hound is lightly wounded.
The hound bites you.
You die...

### ..# .
#.###.##
....###>.....#
.......@#
###..)h.......#
#####.#.###..
#.#.<# #.# .#
#.. .. ### ..
###


You could see a hound.

Vanquished Creatures
  An orc (D:5)
1 creature vanquished.

Notes
Turn   | Place    | Note
-------+----------+-------------------------------------------
     0 | D:5      | cforsyth the Djinni Delver began the quest for the Orb.
     0 | D:5      | Reached XP level 1. HP: 20/20 MP: 0/0
    36 | D:5      | Noticed an orc wizard
    52 | D:5      | Noticed an orc wizard
    55 | D:5      | Noticed a hound
    66 | D:4      | Slain by a hound

Illustrated notes

Levels and vault maps discovered:
D:4:      layout_rooms, nemelex_dance_club_becter, chequers_hall_statues_y
D:5:      layout_basic, nicolae_sif_muna_condensation, serial_shops,
          nicolae_shop_back_alley_shop

Action                     || total
---------------------------++-------
  Melee: Falchion          ||     6
    Use: Scroll            ||     1
 Armour: Leather armour    ||     9
  Dodge: Dodged            ||     7

Table legend: (Time is in decaauts)
 A = Elapsed time spent in this place.
 B = Non-inter-level travel time spent in this place.
 C = Inter-level travel time spent in this place.
 D = Time resting spent in this place.
 E = Time spent auto-exploring this place.
 F = Levels seen in this place.
 G = Mean time per level.
                   A        B        C        D        E       F      G
               +--------+--------+--------+--------+--------+-----+--------+
         Total |     66 |     66 |      0 |      0 |     18 |   2 |   33.0 |
       Dungeon |     66 |     66 |      0 |      0 |     18 |   2 |   33.0 |
               +--------+--------+--------+--------+--------+-----+--------+

Top non-repeatable levels by time:
     D:5: 63 daAuts
     D:4: 3 daAuts
